 Dungeon Crawl Stone Soup version 0.22-a0-259-gdd11e71 (webtiles) character file.

2319 mhoghedin the Ducker (level 9, -1/54 HPs)
             Began as a Kobold Venom Mage on Mar 5, 2018.
             Was a Believer of Kikubaaqudgha.
             Succumbed to a killer bee's poison
             ... on level 7 of the Dungeon.
             The game lasted 00:21:32 (9485 turns).

mhoghedin the Ducker (Kobold Venom Mage)            Turns: 9485, Time: 00:21:33

Health: -1/54      AC:  6    Str:  6    XL:     9   Next: 69%
Magic:  2/15       EV: 20    Int: 24    God:    Kikubaaqudgha [**....]
Gold:   427        SH:  0    Dex: 15    Spells: 1/16 levels left

rFire    . . .     SeeInvis .   b - +1 hunting sling (flame)
rCold    . . .     Gourm    .   (shield restricted)
rNeg     . . .     Faith    .   q - +2 robe
rPois    .         Spirit   .   g - +0 helmet
rElec    .         Reflect  .   v - +0 cloak
rCorr    +         Harm     .   (no gloves)
MR       .....                  (no boots)
Stlth    ++........             (no amulet)
HPRegen  0.18/turn              y - ring of resist corrosion
MPRegen  0.14/turn              (no ring)

@: brilliant, lethally poisoned (-1 -> -20), berserk cooldown, very slightly
contaminated, slowed, drained, very slow
A: small, carnivore
a: Receive Corpses, Renounce Religion


You were on level 7 of the Dungeon.
You worshipped Kikubaaqudgha.
Kikubaaqudgha was pleased with you.
You were not hungry.

You visited 2 branches of the dungeon, and saw 8 of its levels.

You collected 427 gold pieces.

Inventory:

Hand Weapons
 a - a +1 dagger of venom
   (You took it off a kobold on level 2 of the Dungeon)
 b - a +1 hunting sling of flaming (weapon)
   (You took it off a goblin on level 4 of the Dungeon)
 l - a +1 dagger of pain
   (You took it off an orc wizard on level 3 of the Dungeon)
Missiles
 d - 162 stones (quivered)
 t - 2 curare-tipped needles
 x - 3 throwing nets {=f, !d}
Armour
 g - a +0 helmet (worn)
   (You found it on level 1 of the Dungeon)
 q - a +2 robe (worn)
   (You took it off Blork the orc on level 4 of the Dungeon)
 v - a +0 cloak (worn)
   (You took it off Crazy Yiuf on level 5 of the Dungeon)
Jewellery
 y - a ring of resist corrosion (left hand)
   (You took it off a centaur on level 6 of the Dungeon)
Wands
 e - a wand of paralysis (3)
   (You took it off an orc on level 6 of the Dungeon)
 f - a wand of digging (12)
   (You found it on level 6 of the Dungeon)
 r - a wand of acid (10)
   (You took it off an orc on level 6 of the Dungeon)
Scrolls
 c - 4 scrolls of enchant weapon
 h - 3 scrolls of teleportation
 j - a scroll of immolation {!r}
 k - 3 scrolls of remove curse
 m - 2 scrolls of amnesia
 o - a scroll of magic mapping {unknown}
 p - 2 scrolls of identify
 u - a scroll of blinking {unknown}
Potions
 s - a potion of flight
Comestibles
 n - a ration


   Skills:
 - Level 5.1(5.0) Fighting
 + Level 5.5(5.4) Short Blades
 + Level 5.1(5.0) Slings
 - Level 7.6(7.5) Dodging
 - Level 2.6(2.5) Stealth
 - Level 4.1(4.0) Spellcasting
 - Level 1.1(1.0) Conjurations
 + Level 2.2(2.1) Necromancy
 - Level 1.3(1.2) Air Magic
 + Level 5.2(5.0) Poison Magic


You had one spell level left.
You knew the following spells:

 Your Spells              Type           Power        Failure   Level  Hunger
a - Sting                 Conj/Pois      ####         1%          1    None
b - Poisonous Vapours     Pois/Air       ####..       1%          2    #......
c - Olgreb's Toxic Radia  Pois           #####...     1%          4    ####...
d - Vampiric Draining     Necr           ####......   1%          3    ##.....
e - Corpse Rot            Necr           N/A          1%          2    #......
x - Mephitic Cloud        Conj/Pois/Air  ####....     1%          3    ##.....


Dungeon Overview and Level Annotations

Branches:
Dungeon (7/15)             Temple (1/1) D:5

Altars:
Ashenzari
Cheibriados
Dithmenos
Elyvilon
Fedhas
Gozag
Kikubaaqudgha
Makhleb
Nemelex Xobeh
Okawaru
Qazlal
Ru
Sif Muna
Trog
Uskayaw
Vehumet
Wu Jian
Xom
Yredelemnul
Zin
The Shining One

Shops:
D:6 =   D:7 *

Annotations:
D:3 Pawles22's ghost, weakling HaHu


Innate Abilities, Weirdness & Mutations

You are small and have problems with some larger weapons.
You are carnivorous and can eat meat at any time.


Message History

The ball of steam hits something.
Reactivating autopickup.
Your base Poison Magic skill increases to level 5!
You feel a bit more experienced. The ball of steam misses you.
You hear an angry buzzing noise.
You take 10 damage, and have 18/54 hp.
The ogre closely misses you.
The quasit bites you but does no damage.
The quasit claws you.
The quasit claws you but does no damage.
You take 1 damage, and have 17/54 hp.
Your surroundings seem slightly different.
A killer bee comes into view.
The killer bee buzzes angrily.
A killer bee comes into view.
The killer bee buzzes angrily.
A killer bee comes into view.
The killer bee buzzes angrily.
A killer bee comes into view.
The killer bee buzzes angrily.
The killer bee closely misses you.
Found a scratched diamond ring.
Found Dacuitas's General Store.
Found a stone staircase leading down and a stone staircase leading up.
An adder and 2 killer bees come into view.
You begin to radiate toxic energy.
The killer bee buzzes angrily.
The adder is poisoned.
The killer bee is poisoned. x6
The killer bee stings you but does no damage.
The adder barely misses you.
The killer bee stings you but does no damage.
You now have 1/15 mp.
The killer bee looks even sicker.
The killer bee completely misses you. The killer bee misses you.
The killer bee barely misses you.
The adder looks even sicker.
The killer bee looks even sicker. x4
Your toxic aura wanes.
The killer bee stings you.
* * * LOW HITPOINT WARNING * * *
The killer bee barely misses you. The killer bee stings you.
* * * LOW HITPOINT WARNING * * *
You are poisoned.
The killer bee poisons you! The killer bee closely misses you.
The killer bee barely misses you. The killer bee closely misses you.
The killer bee completely misses you.
You take 8 damage, and have 10/54 hp.
It was a potion of berserk rage.
A red film seems to cover your vision as you go berserk!
You feel yourself moving faster!
You feel mighty!
You feel sick.
You kill the killer bee!
Kikubaaqudgha accepts your kill.
Your base Slings skill increases to level 5!
The killer bee looks more healthy.
The killer bee stings you.
* * * LOW HITPOINT WARNING * * *
You are lethally poisoned!
The killer bee poisons you! The killer bee misses you.
The killer bee completely misses you. The killer bee closely misses you.
The killer bee completely misses you. The killer bee stings you.
* * * LOW HITPOINT WARNING * * *
The killer bee misses you. The killer bee barely misses you.
The killer bee closely misses you. The adder closely misses you.
The killer bee completely misses you.
You now have 12/81 hp.
You feel a strong urge to attack something.
* * * LOW HITPOINT WARNING * * *
You feel sick.
You kill the killer bee!
Kikubaaqudgha accepts your kill.
Your base Necromancy skill increases to level 2!
You kill the killer bee!
Kikubaaqudgha accepts your kill.
You feel your dexterity returning.
You kill the killer bee!
Kikubaaqudgha accepts your kill. The killer bee closely misses you.
* * * LOW HITPOINT WARNING * * *
You feel sick.
You kill the killer bee!
Kikubaaqudgha accepts your kill. The killer bee stings you.
* * * LOW HITPOINT WARNING * * *
The killer bee completely misses you.
You take 2 damage, and have 10/81 hp.
You feel your anger nearly subside.
* * * LOW HITPOINT WARNING * * *
You feel sick. The killer bee stings you.
* * * LOW HITPOINT WARNING * * *
You are more poisoned.
The killer bee poisons you!
You take 6 damage, and have 4/81 hp.
You are no longer berserk.
You are exhausted.
You feel yourself slow down.
* * * LOW HITPOINT WARNING * * *
You feel sick.
You kill the adder!
Kikubaaqudgha accepts your kill.
Kikubaaqudgha is protecting you from necromantic miscasts and death curses.
You now have 2/54 hp.
You feel clever all of a sudden.
You die...
Kikubaaqudgha rasps: "You have failed me!
Welcome... death!"

#.# #O#
#######.###
.......5..#
.∩.....††.#
.....>.=†.#
.......†..#
........y.#
........@.#
..........#
.......<..#
.......(.#
#####.####
#. #. #.


You could see an ogre, a killer bee and a quasit.

Vanquished Creatures
  Sigmund (D:4)
  Eustachio (D:4)
  Edmund (D:4)
  A water moccasin (D:6)
  An ice beast (D:5)
  2 ogres (D:5)
  A necrophage (D:6)
  A centaur (D:6)
  Blork the orc (D:4)
  2 bullfrogs (D:6)
  5 killer bees (D:7)
  3 wights (D:6)
  A crimson imp (D:5)
  A hound (D:4)
  Crazy Yiuf (D:5)
  3 orc priests
  Jessica (D:3)
  An iguana (D:5)
  6 orc wizards
  A hound zombie (D:5)
  2 hound skeletons (D:6)
  Robin (D:4)
  4 gnolls (D:6)
  9 adders
  A shadow imp (D:6)
  An adder zombie (D:5)
  3 worms
  3 dart slugs
  3 leopard geckos
  22 orcs
  2 ball pythons
  11 bats
  6 giant cockroaches
  17 goblins
  2 hobgoblins
  13 jackals
  2 quokkas
  6 frilled lizards
  A jackal skeleton (D:4)
  12 kobolds
  6 rats
162 creatures vanquished.

Vanquished Creatures (others)
  A sky beast (D:7)
  An orc priest (D:7)
  An orc wizard (D:3)
3 creatures vanquished.

Grand Total: 165 creatures vanquished

Notes
Turn   | Place    | Note
-------+----------+-------------------------------------------
     0 | D:1      | mhoghedin the Kobold Venom Mage began the quest for the Orb.
     0 | D:1      | Reached XP level 1. HP: 10/10 MP: 3/3
   187 | D:1      | Reached XP level 2. HP: 15/15 MP: 0/5
   210 | D:1      | Learned a level 2 spell: Poisonous Vapours
   831 | D:1      | Reached XP level 3. HP: 19/19 MP: 1/7
   955 | D:1      | Learned a level 3 spell: Mephitic Cloud
  1179 | D:1      | Reached skill level 1 in Air Magic
  1597 | D:2      | Reached skill level 3 in Spellcasting
  1597 | D:2      | Reached XP level 4. HP: 24/24 MP: 0/8
  2433 | D:2      | Reached skill level 4 in Poison Magic
  2832 | D:3      | Noticed Pawles22's ghost (weakling HaHu)
  2975 | D:3      | Reached XP level 5. HP: 14/28 MP: 2/10
  3136 | D:2      | Learned a level 4 spell: Olgreb's Toxic Radiance
  3208 | D:3      | Found a white marble altar of Elyvilon.
  3237 | D:3      | Found a shadowy altar of Dithmenos.
  3443 | D:3      | Reached skill level 4 in Spellcasting
  3678 | D:3      | Reached XP level 6. HP: 32/32 MP: 7/12
  3855 | D:3      | Noticed Jessica
  3856 | D:3      | Killed Jessica
  3856 | D:3      | Reached skill level 1 in Short Blades
  3912 | D:3      | HP: 5/33 [Pawles22's ghost (9)]
  3926 | D:4      | Reached skill level 1 in Fighting
  3926 | D:4      | Reached skill level 3 in Dodging
  4236 | D:4      | Noticed Robin
  4240 | D:4      | Killed Robin
  4283 | D:4      | Noticed Sigmund
  4319 | D:4      | Killed Sigmund
  4319 | D:4      | Reached skill level 2 in Fighting
  4319 | D:4      | Reached skill level 3 in Short Blades
  4319 | D:4      | Reached XP level 7. HP: 10/40 MP: 0/13
  4321 | D:4      | HP: 9/40 [poisoned by an adder]
  4329 | D:4      | HP: 9/40 [poisoned by an adder]
  4663 | D:4      | Reached skill level 4 in Dodging
  4924 | D:4      | Noticed a dagger
  4924 | D:4      | Noticed a hand axe
  4955 | D:4      | Found a hide-covered altar of Uskayaw.
  4983 | D:4      | Noticed Blork the orc
  5004 | D:4      | Killed Blork the orc
  5004 | D:4      | Reached skill level 3 in Fighting
  5006 | D:4      | Noticed Edmund
  5024 | D:4      | Killed Edmund
  5024 | D:4      | Reached skill level 4 in Short Blades
  5116 | D:4      | Noticed Eustachio
  5125 | D:4      | Killed Eustachio
  5125 | D:4      | Reached skill level 5 in Dodging
  5125 | D:4      | Reached XP level 8. HP: 45/48 MP: 4/14
  5997 | D:5      | Entered Level 5 of the Dungeon
  6126 | D:5      | Reached skill level 1 in Slings
  6606 | D:5      | Found a glowing golden altar of the Shining One.
  6696 | D:5      | Found a staircase to the Ecumenical Temple.
  6702 | Temple   | Entered the Ecumenical Temple
  6800 | Temple   | Became a worshipper of Kikubaaqudgha
  6885 | D:5      | Found a shattered altar of Ashenzari.
  6937 | D:5      | Reached skill level 2 in Slings
  6937 | D:5      | Reached skill level 6 in Dodging
  7275 | D:5      | Found a runed door.
  7356 | D:5      | Noticed Crazy Yiuf
  7369 | D:5      | Killed Crazy Yiuf
  7369 | D:5      | Reached skill level 3 in Slings
  7522 | D:6      | Found Moyck's Jewellery Shoppe.
  7738 | D:6      | Reached skill level 4 in Fighting
  7852 | D:6      | Reached skill level 7 in Dodging
  7852 | D:6      | Reached XP level 9. HP: 44/52 MP: 15/15
  8002 | D:6      | Reached * piety under Kikubaaqudgha
  8002 | D:6      | Identified Kikubaaqudgha's Compendium of Stolen Souls (Kikubaaqudgha gifted it to you on level 6 of the Dungeon)
  8002 | D:6      | Received a gift from Kikubaaqudgha
  8036 | D:6      | Reached skill level 4 in Slings
  8208 | D:6      | Reached skill level 5 in Fighting
  8367 | D:6      | Learned a level 3 spell: Vampiric Draining
  8370 | D:6      | Learned a level 2 spell: Corpse Rot
  8499 | D:6      | Reached skill level 1 in Necromancy
  8679 | D:6      | HP: 7/54 [wight/dagger of freezing (7)]
  8697 | D:6      | HP: 5/54 [wight/dagger of freezing (3)]
  9187 | D:6      | Reached skill level 5 in Short Blades
  9198 | D:6      | Found a sparkling altar of Nemelex Xobeh.
  9473 | D:7      | Reached skill level 5 in Poison Magic
  9476 | D:7      | Found Dacuitas's General Store.
  9479 | D:7      | HP: 10/54 [killer bee (6)]
  9480 | D:7      | Reached skill level 5 in Slings
  9481 | D:7      | Reached skill level 2 in Necromancy
  9483 | D:7      | HP: 4/81 [killer bee (5)]
  9484 | D:7      | Reached ** piety under Kikubaaqudgha
  9485 | D:7      | Succumbed to a killer bee's poison

Vault maps used:
D:1:      lightli_arrival_maybe_door_vault, minmay_unequal
D:3:      elyvilon_altar_1, old_standard_altar, minmay_ruptured, uniq_jessica
D:4:      dancing_weapons_uskayaw, uniq_blork_the_orc, uniq_sigmund, uniq_robin,
          uniq_edmund, uniq_eustachio
D:5:      tso_metal_star, minmay_temple_entry_hall, first_ration,
          kennysheep_another_room, corexii_mini_fake_secret_closet,
          evilmike_ruin_ashenzari, uniq_crazy_yiuf_cottage
D:6:      serial_shops, shop, nemelex_lonely_heart_becter
D:7:      kennysheep_mini, serial_shops, shop
Temple:   eino_temple_rhombus

Skill      XL: |  1  2  3  4  5  6  7  8  9 |
---------------+----------------------------+-----
Air Magic      | 1 |  1.3
Spellcasting   | 3 4 |  4.1
Poison Magic   | 4 5 |  5.2
Short Blades   | 3 4 5 |  5.5
Fighting       | 2 3 4 5 |  5.1
Dodging        | 3 5 7 |  7.6
Slings         | 3 5 |  5.1
Necromancy     | 2 |  2.2
Stealth        | |  2.6
Conjurations   | |  1.1

Action                   |  1- 3 |  4- 6 |  7- 9 || total
-------------------------+-------+-------+-------++-------
Melee: Club              |    11 |     3 |       ||    14
       Mace              |       |    67 |       ||    67
       Dagger            |       |     7 |    66 ||    73
       Hunting sling     |       |       |     3 ||     3
 Fire: Hunting sling     |       |       |   361 ||   361
 Cast: Sting             |    15 |     1 |     1 ||    17
       Poisonous Vapours |    34 |    66 |    28 ||   128
       Olgreb's Toxic Ra |       |     1 |     7 ||     8
       Mephitic Cloud    |       |     1 |     5 ||     6
Evoke: Wand              |       |       |     1 ||     1
  Use: Scroll            |       |     4 |     7 ||    11
       Potion            |       |     4 |     6 ||    10
 Stab: Distracted        |       |     1 |       ||     1
  Eat: Chunk             |     4 |     7 |    16 ||    27
       Ration            |       |     3 |     3 ||     6
Armor: Robe              |     8 |    16 |    47 ||    71
       Skin              |       |       |    20 ||    20
Dodge: Dodged            |    25 |    68 |   229 ||   322

Table legend:
 A = Spawn XP
 B = Non-spawn XP
 C = Spawn XP percentage of total XP
 D = Spawn monster count
 E = Non-spawn monster count
 F = Spawn count percentage of total count
 G = Total turns spent on level
                    A         B        C        D         E        F      G
               +---------+---------+-------+---------+---------+-------+---------
         Total |       0 |    3314 |   0.0 |       0 |     165 |   0.0 |  9485
               +---------+---------+-------+---------+---------+-------+---------
           D:1 |       0 |      42 |   0.0 |       0 |      25 |   0.0 |  1378
           D:2 |       0 |      79 |   0.0 |       0 |      24 |   0.0 |  1944
           D:3 |       0 |     205 |   0.0 |       0 |      27 |   0.0 |   998
           D:4 |       0 |     828 |   0.0 |       0 |      32 |   0.0 |  1677
           D:5 |       0 |     547 |   0.0 |       0 |      10 |   0.0 |  1328
           D:6 |       0 |    1144 |   0.0 |       0 |      35 |   0.0 |  2022
           D:7 |       0 |     469 |   0.0 |       0 |      12 |   0.0 |    23
               +---------+---------+-------+---------+---------+-------+---------

Vault maps used:
D:1:      lightli_arrival_maybe_door_vault, minmay_unequal
D:3:      elyvilon_altar_1, old_standard_altar, minmay_ruptured, uniq_jessica
D:4:      dancing_weapons_uskayaw, uniq_blork_the_orc, uniq_sigmund, uniq_robin,
          uniq_edmund, uniq_eustachio
D:5:      tso_metal_star, minmay_temple_entry_hall, first_ration,
          kennysheep_another_room, corexii_mini_fake_secret_closet,
          evilmike_ruin_ashenzari, uniq_crazy_yiuf_cottage
D:6:      serial_shops, shop, nemelex_lonely_heart_becter
D:7:      kennysheep_mini, serial_shops, shop
Temple:   eino_temple_rhombus

Table legend:
 A = Turns spent in this place as a percentage of turns spent in the entire game.
 B = Non-inter-level travel turns spent in this place as a percentage of non-inter-level travel turns spent in the entire game.
 C = Inter-level travel turns spent in this place as a percentage of turns spent in this place.
 D = Turns resting spent in this place as a percentage of non-inter-level travel turns spent in this place.
 E = Turns spent auto-exploring this place as a percentage of non-inter-level travel turns spent in this place.
 F = Non-inter-level travel turns spent in this place divided by the number of levels of this place that you've seen.
                   A       B       C       D       E      F
               +-------+-------+-------+-------+-------+----------------------
         Total | 100.0 | 100.0 |   5.1 |  31.4 |  52.2 | 1125.1
       Dungeon |  98.8 |  98.9 |   5.0 |  31.8 |  51.8 | 1271.6
        Temple |   1.2 |   1.1 |  13.0 |   0.0 |  93.0 | 100.0
               +-------+-------+-------+-------+-------+----------------------

Table legend:
 A = Kills in this place as a percentage of kills in entire the game.
 B = Kills by you in this place as a percentage of kills by you in the entire game.
 C = Kills by friends in this place as a percentage of kills by friends in the entire game.
 D = Other kills in this place as a percentage of other kills in the entire game.
 E = Experience gained in this place as a percentage of experience gained in the entire game.
 F = Experience gained in this place divided by the number of levels of this place that you have seen.
                   A       B       C       D       E      F
               +-------+-------+-------+-------+-------+----------------------
         Total | 100.0 | 100.0 |   N/A | 100.0 | 100.0 | 414.2
       Dungeon | 100.0 | 100.0 |   N/A | 100.0 | 100.0 | 473.4
               +-------+-------+-------+-------+-------+----------------------
